 Dungeon Crawl Stone Soup version 0.20-a0-556-g892c87b (webtiles) character file.

305821 HarryHood the Tortoise (level 21, -2/146 HPs)
             Began as a Gargoyle Fighter on Feb 2, 2017.
             Was the Champion of Makhleb.
             Slain by an ancient zyme (8 damage)
             ... on level 3 of the Abyss on Feb 4, 2017.
             The game lasted 03:17:48 (36326 turns).

HarryHood the Tortoise (Gargoyle Fighter)          Turns: 36326, Time: 03:17:49

Health: -2/146     AC: 55    Str: 31      XL:     21   Next: 14%
Magic:  41/41      EV: 18    Int: 14 (16) God:    Makhleb [******]
Gold:   790        SH:  0    Dex: 15      Spells: 20/20 levels left

rFire    + + .     SeeInvis .   a - +8 dire flail (crush)
rCold    + . .     Gourm    .   m - +7 chain mail of Spring Thaw {rPois Int+4}
rNeg     + + +     Faith    .   (shield currently unavailable)
rPois    ∞         Spirit   .   o - +2 helmet
rElec    +         Reflect  .   O - +2 cloak {+Inv}
rCorr    .         Harm     .   E - +2 pair of gloves {Str+3}
MR       ++...                  G - +2 pair of boots
Stlth    ..........             V - amulet "Vuepto" {+Rage rN++ MP+9 Str-4 Dex+3}
Regen    0.4/turn               P - ring "Gehac" {*Corrode MR+ Str+6 Stlth+}
                                W - ring of Levity {rF+ rC+ Int+2}

@: flying, glowing
A: big wings, hooves 1, iridescent scales 1, rugged brown scales 1, fire
resistance 1, negative energy resistance 1, electricity resistance, unbreathing,
petrification resistance, rot immunity, AC +15
}: 2/15 runes: decaying, serpentine
a: Stop Flying, Minor Destruction, Lesser Servant of Makhleb, Major Destruction,
Greater Servant of Makhleb, Renounce Religion, Evoke Berserk Rage, Evoke
Invisibility


You were on level 3 of the Abyss.
You worshipped Makhleb.
Makhleb was exalted by your worship.
You were very hungry.

You visited 7 branches of the dungeon, and saw 34 of its levels.
You visited the Abyss 1 time.
You also visited: Sewer and Ossuary.

You collected 3505 gold pieces.
You spent 2715 gold pieces at shops.

Inventory:

Hand Weapons
 a - a +8 dire flail of crushing (weapon)
 F - a +0 flail of chaos
Armour
 m - the +7 chain mail of Spring Thaw (worn) {rPois Int+4}
   (You bought it in a shop on level 10 of the Dungeon)

   It affects your intelligence (+4).
   It protects you from poison.
 o - a +2 helmet (worn)
 B - the +2 buckler of Claustrophobia {rCorr}
   (You found it on level 4 of the Dungeon)

   It protects you from acid and corrosion.
 E - a +2 pair of gloves of strength (worn)
 G - a +2 pair of boots (worn)
 J - +2 storm dragon scales {Bai Suzhen}
 O - a +2 cloak of invisibility (worn)
Jewellery
 x - an uncursed ring of positive energy
 A - a +3 ring of dexterity
 H - an uncursed ring of protection from magic
 I - a +5 amulet of reflection
 L - an uncursed ring of protection from magic
 N - an uncursed ring of resist corrosion
 P - the ring "Gehac" (right hand) {*Corrode MR+ Str+6 Stlth+}
   (You acquired it on level 2 of the Swamp)

   [ring of strength]

   It affects your strength (+6).
   It affects your resistance to hostile enchantments.
   It may corrode you when you take damage.
   It makes you more stealthy.
 V - the amulet "Vuepto" (around neck) {+Rage rN++ MP+9 Str-4 Dex+3}
   (You found it on level 4 of the Swamp)

   [amulet of rage]

   It affects your strength (-4).
   It affects your dexterity (+3).
   It greatly protects you from negative energy.
   It affects your magic capacity (+9).
   It lets you go berserk.
 W - the ring of Levity (left hand) {rF+ rC+ Int+2}
   (You bought it in a shop on level 2 of the Orcish Mines)

   [ring of protection from fire]

   It affects your intelligence (+2).
   It protects you from fire.
   It protects you from cold.
Wands
 w - a wand of clouds (9/9)
Scrolls
 b - 6 scrolls of enchant armour
 c - 4 scrolls of recharging
 d - 6 scrolls of magic mapping
 g - 6 scrolls of identify {@r1}
 q - 8 scrolls of teleportation {@r0}
 r - 10 scrolls of fog
 t - 7 scrolls of fear
 y - 7 scrolls of amnesia
 K - 10 scrolls of remove curse {@r2}
 R - a scroll of blinking {@r7}
Potions
 e - 3 potions of agility
 h - 2 potions of invisibility
 i - 3 potions of lignification {!q}
 j - 6 potions of cancellation
 n - 6 potions of ambrosia
 s - 21 potions of curing {@q2}
 u - 5 potions of magic
 v - 11 potions of brilliance
 C - a potion of resistance
 D - 7 potions of haste
 S - 5 potions of might
 T - a potion of cure mutation
Comestibles
 f - 30 bread rations {@e1}
 k - 19 royal jellies {=g@e3}
 z - 7 meat rations {@e1}
 M - 18 fruits {@e2}


   Skills:
 + Level 18.3 Fighting
 + Level 15.3 Maces & Flails
 + Level 18.9 Armour
 + Level 13.9 Dodging
 - Level 3.0 Stealth
 - Level 4.4 Shields
 + Level 15.8 Invocations
 - Level 7.0 Evocations


You had 20 spell levels left.
You didn't know any spells.

Dungeon Overview and Level Annotations

Branches:
Dungeon (15/15)            Temple (1/1) D:4            Lair (6/6) D:10
  Swamp (4/4) Lair:2        Snake (4/4) Lair:2        Slime (0/5) Lair:6
    Orc (2/2) D:9             Elf (0/3) Orc:2        Vaults (0/5) D:14
 Depths (2/5) D:15

Altars:
Ashenzari
Cheibriados
Dithmenos
Elyvilon
Fedhas
Gozag
Hepliaklqana
Kikubaaqudgha
Makhleb
Nemelex Xobeh
Okawaru
Qazlal
Ru
Sif Muna
Trog
Uskayaw
Vehumet
Xom
Yredelemnul
Zin
The Shining One
Beogh

Shops:
D:8 %   D:10 [   D:13 *   Orc:2 [([*=   Snake:1 (   Snake:3 =**   Depths:1 !

Portals:
Hell: Depths:1
Abyss: Depths:2
Pandemonium: Depths:1
Ziggurat: Depths:1

Annotations:
Lair:6 exclusion: 3 oklob plants
Swamp:2 exclusion: Roxanne, Roxanne


Innate Abilities, Weirdness & Mutations

You are resistant to torment.
Your stone body is resilient. (AC +15)
You are immune to poison.
Your large and strong wings let you fly indefinitely.
You resist negative energy. (rN+)
You are resistant to electric shocks. (rElec)
You can survive without breathing.
You are immune to petrification.
You are immune to rotting.
You have large cloven feet.
You are partially covered in iridescent scales. (AC +2)
You are partially covered in rugged brown scales. (AC +1, +3% HP)
Your flesh is heat resistant. (rF+)


Message History

A cacophony of accursed wailing tears at your sanity!
* * * LOW HITPOINT WARNING * * *
You shrug off the repeated paralysis!
The neqoxec hits you but does no damage.
The reaper barely misses you.
The blizzard demon waves its arms in wide circles.
The air twists around and violently strikes you in flight!
* * * LOW HITPOINT WARNING * * *
You impale the thrashing horror!!
The thrashing horror is heavily damaged.
You hear a hideous shriek!
The thrashing horror tramples you but does no damage. x2
The thrashing horror closely misses you.
The thrashing horror tramples you but does no damage.
The cacodemon gestures at you. You resist with almost no effort.
The crystal guardian barely misses you.
The crimson imp blinks!
The ancient zyme is engulfed in blessed fire.
The ancient zyme completely misses you. The ancient zyme hits you!
You die...

. # . ( $ # .. .#.
. #[/(φ% # #.#.#
###[?[### . #
##...'...###.#'''#.
# #. .......#
X......' # ...
...... 2xX*... #
.......X# xXx5....
. . .....5x#X8Xφ...
.. . ... #@XXX....
. . . #
#..5.238X..... # .#
##..§2vxe#.#.#. #
#####Gv## # 4XXX*#
#.##X∩ #.# .##. #.#
# . #.


You could see 9 starcursed masses, a cacodemon, an ophan, a tentacled starspawn,
a reaper, a spatial maelstrom, a blizzard demon, 2 crystal guardians, a spatial
vortex, a deep elf demonologist, an ancient zyme, 3 thrashing horrors, a large
abomination, an ice devil, 4 unseen horrors, a neqoxec, a crimson imp, a white
imp, an ufetubus and a lurking horror.

Vanquished Creatures
  Bai Suzhen (Depths:1)
  A bone dragon (Abyss:3)
  A lich (Depths:2)
  Rupert (Lair:3)
  A deep elf master archer (Depths:2)
  A titan (Depths:1)
  2 thorn hunters
  A tentacled starspawn (Abyss:3)
  A sphinx (Depths:2)
  A tengu reaver (Depths:2)
  A storm dragon (Depths:2)
  The ghost of Endobalistic the Warrior, a journeyman OgFi of Okawaru (D:12)
  11 nagarajas
  2 iron dragons (Depths:2)
  5 fire giants
  An iron dragon (shapeshifter) (Depths:2)
  An orc warlord (Orc:2)
  A balrug (Abyss:3)
  The ghost of Spectrina the Destroyer, a journeyman FoVM of Fedhas (Snake:4)
  A draconian annihilator (Depths:2)
  10 very ugly things
  3 stone giants
  A war gargoyle (Depths:2)
  A vampire knight (Depths:1)
  A stone giant (shapeshifter) (Depths:2)
  2 spark wasps (Depths:2)
  Azrael (Orc:2)
  A lorocyproca (Depths:2)
  Snorg (D:11)
  The ghost of tyvek the Cleaver, a journeyman FoFi of Makhleb (Orc:2)
  A crystal guardian (Depths:2)
  6 ettins
  A merfolk impaler (Depths:1)
  A great orb of eyes (Depths:1)
  Josephine (D:12)
  A great orb of eyes (shapeshifter) (Abyss:3)
  5 yaktaur captains (Depths:1)
  A vault guard (D:14)
  2 spriggan air magi (Depths:2)
  4 fire dragons
  2 ice dragons (Depths:1)
  27 hydras
  An ice dragon (shapeshifter) (Abyss:3)
  The ghost of shmesh the Basher, a journeyman DsBe of Trog (D:10)
  2 rakshasas
  6 centaur warriors
  2 death knights (D:11)
  A juggernaut simulacrum (Depths:1)
  8 anacondas
  17 naga warriors
  Erica (D:9)
  4 tengu warriors
  A catoblepas (Depths:2)
  7 alligators
  4 ogre magi
  16 two-headed ogres
  A queen ant (Lair:3)
  6 spriggan berserkers (Depths:1)
  4 hell hogs (Abyss:3)
  3 dancing weapons (Depths:2)
  17 naga sharpshooters
  An alligator (shapeshifter) (Depths:1)
  A deep troll earth mage (Depths:2)
  The ghost of Beargit the Martial Artist, a novice OpTm of Ru (D:9)
  5 thrashing horrors
  2 sixfirhies
  A sun demon (Abyss:1)
  A wretched star (Abyss:1)
  5 shock serpents
  2 skeletal warriors (D:11)
  A hell knight (Depths:2)
  A sea snake (Snake:4)
  A salamander mystic (Snake:4)
  A death drake (shapeshifter) (Depths:1)
  10 naga ritualists
  5 unseen horrors
  The ghost of HallandMoats the Fighter, a novice GrFi of the Shining One (D:8)
  2 spriggan druids (Swamp:4)
  A glowing orange brain (shapeshifter) (Depths:2)
  2 phantasmal warriors (Depths:1)
  5 orc knights
  12 swamp dragons
  A wizard (D:12)
  5 shambling mangroves
  A harpy (shapeshifter) (Abyss:3)
  Pikel (D:7)
  A necromancer (Depths:1)
  2 orc sorcerers
  30 ugly things
  12 mana vipers
  6 cyclopes
  A wolf spider (D:14)
  8 salamanders
  4 deep elf magi
  2 manticores
  A frost giant skeleton (Depths:1)
  A worldbinder (Abyss:3)
  A fire giant skeleton (Abyss:1)
  6 elephants (Lair:3)
  7 guardian serpents
  24 naga magi
  3 smoke demons
  A guardian serpent (shapeshifter) (Abyss:3)
  38 black mambas
  An orange demon (Abyss:3)
  Joseph (D:8)
  2 gargoyles (D:12)
  Psyche (D:9)
  A centaur skeleton (D:13)
  5 kobold demonologists
  21 spiny frogs
  A komodo dragon (shapeshifter) (Depths:2)
  7 komodo dragons
  2 efreet
  5 yaktaurs
  A hellwing (Abyss:3)
  A harpy zombie (D:14)
  3 meliai (D:12)
  A tormentor (Abyss:1)
  4 tengu conjurers
  5 ancient zymes
  5 tyrant leeches
  7 slime creatures
  7 polar bears
  4 trolls
  8 hippogriffs
  21 hornets
  11 bog bodies
  A harpy skeleton (D:15)
  A blink frog (shapeshifter) (D:15)
  A frost giant simulacrum (Abyss:1)
  6 blink frogs
  11 raiju
  8 dream sheep
  A deep troll zombie (Depths:1)
  14 spriggans
  Sigmund (D:5)
  A redback (shapeshifter) (Depths:2)
  8 wraiths
  5 wyverns
  An ettin skeleton (Abyss:1)
  3 large abominations (Abyss:3)
  A fire dragon skeleton (Depths:1)
  18 yaks
  3 water elementals (Depths:1)
  A basilisk (D:10)
  5 fire elementals (Orc:2)
  A hungry ghost (D:10)
  4 fire bats (Lair:4)
  A golden eye (shapeshifter) (Depths:1)
  A hog (Lair:6)
  A warg (Orc:2)
  11 vampire mosquitoes
  A chaos spawn (Abyss:1)
  A warg (shapeshifter) (Depths:2)
  17 swamp worms
  63 nagas
  An insubstantial wisp (Abyss:1)
  A hell hound (Orc:2)
  11 soldier ants (Lair:3)
  2 acid dragons
  7 water moccasins
  6 porcupines
  A hydra simulacrum (Depths:2)
  A porcupine (shapeshifter) (Depths:1)
  27 orc warriors
  A hornet zombie (D:10)
  13 swamp drakes
  2 ice beasts (D:8)
  2 black bears
  5 necrophages (Lair:4)
  A swamp dragon zombie (Abyss:1)
  4 sky beasts
  2 starcursed masses (Abyss:3)
  A phantom (D:9)
  14 ogres
  16 wolves
  4 boggarts (Lair:6)
  5 small abominations
  18 centaurs
  An elf zombie (Ossuary)
  13 crocodiles
  5 big kobolds
  16 bullfrogs
  A wyvern zombie (D:10)
  A wyvern skeleton (D:14)
  5 scorpions
  18 killer bees
  5 wights (D:6)
  3 electric eels
  A lava snake (Lair:4)
  10 crimson imps
  2 bullfrog zombies
  11 centaur zombies
  A human zombie (Ossuary)
  3 jellies
  2 quasits
  18 orc priests
  Crazy Yiuf (D:7)
  5 bullfrog skeletons
  2 hounds
  An iron imp (Abyss:3)
  6 iguanas
  26 orc wizards
  23 worker ants
  2 big kobold zombies (Ossuary)
  A hound zombie (D:9)
  2 mummies (Ossuary)
  A hound skeleton (D:9)
  A howler monkey zombie (D:7)
  2 worker ant zombies (D:11)
  4 river rats (Sewer)
  27 adders
  4 shadow imps
  13 white imps
  An ufetubus (Abyss:1)
  3 oozes
  3 adder skeletons
  2 adder zombies
  3 worms
  3 dart slugs
  2 leopard geckos (D:2)
  99 orcs
  10 ball pythons
  8 giant cockroaches
  7 goblins
  9 hobgoblins
  8 jackals
  25 kobolds
  5 quokkas
  5 bats
  6 frilled lizards
  2 goblin zombies (Ossuary)
  11 hobgoblin zombies (Ossuary)
  A jackal skeleton (D:6)
  8 kobold zombies (Ossuary)
  A leopard gecko zombie (D:6)
  9 orc zombies (Ossuary)
  A quokka skeleton (D:4)
  32 rats
  A fungus (Lair:2)
1392 creatures vanquished.

Vanquished Creatures (collateral kills)
  Vashnia (Snake:3)
  Nikola (Snake:4)
  A tentacled starspawn (Abyss:3)
  Kirke (Lair:6)
  A thorn hunter (Swamp:4)
  A frost giant (Depths:2)
  A lorocyproca (Depths:2)
  The ghost of fooot the Covert, a journeyman SpEn of Gozag (Lair:6)
  4 hydras (Swamp:4)
  A naga warrior (Snake:3)
  A death yak (shapeshifter) (Abyss:3)
  An orc high priest (Orc:2)
  A shock serpent (Snake:4)
  A deep elf knight (D:15)
  A thrashing horror (Abyss:3)
  A naga sharpshooter (Snake:3)
  A wretched star (Abyss:3)
  2 orc sorcerers
  A cyclops (Orc:1)
  2 guardian serpents
  A naga mage (Snake:4)
  3 smoke demons
  A centaur zombie (D:15)
  2 spiny frogs
  A rime drake (Lair:6)
  A hellwing (Abyss:3)
  A troll (Orc:1)
  A tyrant leech (Swamp:4)
  A hornet (Swamp:4)
  2 raiju (Abyss:1)
  A large abomination (Abyss:3)
  A hog (Lair:6)
  3 yaks (Lair:6)
  2 spriggans (Lair:6)
  A neqoxec (Abyss:3)
  7 nagas
  A swamp drake (Swamp:4)
  5 orc warriors
  2 ogres
  2 wolves (Lair:6)
  2 small abominations
  An orc priest (Orc:1)
  3 orc wizards
  3 orcs
  2 starspawn tentacles (Abyss:3)
75 creatures vanquished.

Vanquished Creatures (others)
  A naga warrior (Snake:4)
  5 humans (Lair:6)
  A naga (Snake:2)
  A swamp worm (Swamp:2)
  A swamp drake (Swamp:3)
  A wolf (Lair:6)
  An orc priest (D:6)
  An orc wizard (D:7)
  2 orcs (Orc:1)
  A briar patch (Swamp:2)
  4 fungi
  4 plants (Snake:4)
  18 starspawn tentacles
41 creatures vanquished.

Grand Total: 1508 creatures vanquished

Notes
Turn   | Place    | Note
-------+----------+-------------------------------------------
     0 | D:1      | HarryHood the Gargoyle Fighter began the quest for the Orb.
     0 | D:1      | Reached XP level 1. HP: 14/14 MP: 1/1
   179 | D:1      | Reached XP level 2. HP: 20/20 MP: 2/2
   248 | D:1      | Reached skill level 4 in Fighting
   914 | D:1      | Reached XP level 3. HP: 24/24 MP: 3/3
  1481 | D:2      | Reached skill level 5 in Fighting
  1519 | D:2      | Found a glowing silver altar of Zin.
  1519 | D:2      | Found a white marble altar of Elyvilon.
  1735 | D:3      | Reached XP level 4. HP: 28/31 MP: 4/4
  1856 | D:3      | Found a glowing drain.
  1983 | Sewer    | Entered a sewer
  2110 | Sewer    | Reached skill level 6 in Fighting
  2110 | Sewer    | Reached XP level 5. HP: 10/36 MP: 5/5
  2387 | Sewer    | Reached skill level 3 in Maces & Flails
  2607 | Sewer    | Reached skill level 4 in Maces & Flails
  2607 | Sewer    | Reached XP level 6. HP: 19/41 MP: 6/6
  2795 | D:3      | Found a radiant altar of Vehumet.
  2878 | D:3      | Reached skill level 5 in Maces & Flails
  3621 | D:4      | Found a stormy altar of Qazlal.
  3641 | D:4      | Reached XP level 7. HP: 22/46 MP: 7/7
  3641 | D:4      | Reached skill level 6 in Maces & Flails
  3795 | D:4      | Found a staircase to the Ecumenical Temple.
  3801 | Temple   | Entered the Ecumenical Temple
  3847 | Temple   | Became a worshipper of Makhleb the Destroyer
  4256 | D:4      | Reached skill level 4 in Armour
  4297 | D:4      | Got a pitted buckler
  4308 | D:4      | Identified the +2 buckler of Claustrophobia {rCorr} (You found it on level 4 of the Dungeon)
  4517 | D:5      | Entered Level 5 of the Dungeon
  4628 | D:5      | Noticed Sigmund
  4650 | D:5      | Killed Sigmund
  4650 | D:5      | Reached skill level 5 in Armour
  4879 | D:5      | Found a sand-covered staircase.
  4886 | Ossuary  | Entered an ossuary
  4935 | Ossuary  | Reached * piety under Makhleb
  4968 | Ossuary  | Reached skill level 6 in Armour
  4968 | Ossuary  | Reached XP level 8. HP: 36/51 MP: 8/8
  5010 | Ossuary  | Reached skill level 4 in Shields
  5105 | Ossuary  | Reached skill level 1 in Dodging
  5431 | D:5      | Found a deep blue altar of Sif Muna.
  5556 | D:6      | Reached skill level 2 in Dodging
  5590 | D:6      | Reached skill level 3 in Dodging
  5596 | D:6      | Reached ** piety under Makhleb
  5608 | D:6      | Reached skill level 4 in Dodging
  5873 | D:6      | Reached skill level 5 in Dodging
  5873 | D:6      | Reached XP level 9. HP: 50/55 MP: 9/9
  6072 | D:6      | Found an ancient bone altar of Kikubaaqudgha.
  6187 | D:6      | Reached skill level 6 in Dodging
  6254 | D:6      | Reached skill level 1 in Evocations
  6286 | D:6      | Found a bloodstained altar of Trog.
  6561 | D:7      | Reached skill level 7 in Fighting
  6610 | D:7      | Reached skill level 2 in Evocations
  7086 | D:7      | Found a runed door.
  7308 | D:7      | Noticed Pikel
  7316 | D:7      | Killed Pikel
  7316 | D:7      | Reached skill level 8 in Fighting
  7316 | D:7      | Reached skill level 2 in Invocations
  7532 | D:7      | Noticed Crazy Yiuf
  7543 | D:7      | Killed Crazy Yiuf
  7543 | D:7      | Reached XP level 10. HP: 65/65 MP: 12/12
  7598 | D:8      | Found Xaseyfroy's Food Boutique.
  7641 | D:8      | Noticed HallandMoats's ghost (novice GrFi)
  7652 | D:8      | Noticed Joseph
  7663 | D:8      | Killed HallandMoats's ghost
  7663 | D:8      | Reached skill level 9 in Fighting
  7663 | D:8      | Reached skill level 3 in Invocations
  7675 | D:8      | Killed Joseph
  7922 | D:8      | Reached skill level 4 in Invocations
  8097 | D:8      | Reached *** piety under Makhleb
  8207 | D:8      | Reached skill level 7 in Maces & Flails
  8301 | D:9      | Noticed a two-headed ogre
  8315 | D:9      | Killed a two-headed ogre
  8315 | D:9      | Reached skill level 8 in Maces & Flails
  8351 | D:9      | Found a sacrificial altar of Ru.
  8386 | D:9      | Noticed Psyche
  8404 | D:9      | Killed Psyche
  8404 | D:9      | Reached skill level 9 in Maces & Flails
  8552 | D:9      | Reached skill level 7 in Armour
  8555 | D:9      | Reached XP level 11. HP: 71/71 MP: 14/14
  8648 | D:9      | Found a shadowy altar of Dithmenos.
  8678 | D:9      | Noticed Erica
  8702 | D:9      | Killed Erica
  8702 | D:9      | Reached skill level 8 in Armour
  8780 | D:9      | Reached **** piety under Makhleb
  8789 | D:9      | Reached skill level 9 in Armour
  9024 | D:9      | Found a staircase to the Orcish Mines.
  9102 | D:9      | Noticed Beargit's ghost (novice OpTm)
  9111 | D:9      | Killed Beargit's ghost
  9230 | Orc:1    | Entered Level 1 of the Orcish Mines
  9230 | Orc:1    | Noticed a cyclops
  9262 | D:10     | Entered Level 10 of the Dungeon
  9727 | D:10     | Found a staircase to the Lair.
  9862 | D:10     | Reached skill level 5 in Invocations
  9867 | D:10     | Reached skill level 7 in Dodging
 10138 | D:10     | Found a roughly hewn altar of Beogh.
 10261 | D:10     | Reached ***** piety under Makhleb
 10403 | D:10     | Noticed shmesh's ghost (journeyman DsBe)
 10420 | D:10     | Killed shmesh's ghost
 10420 | D:10     | Reached skill level 8 in Dodging
 10606 | D:10     | Found Zitutyanyo's Antique Armour Shoppe.
 10610 | D:10     | Bought an ancient chain mail for 237 gold pieces
 10621 | D:10     | Identified the +7 chain mail of Spring Thaw {rPois Int+4} (You bought it in a shop on level 10 of the Dungeon)
 10758 | D:11     | Noticed a cyclops
 10771 | D:11     | Killed a cyclops
 10989 | D:11     | Noticed a skeletal warrior
 10989 | D:11     | Noticed a skeletal warrior
 11008 | D:11     | Killed a skeletal warrior
 11008 | D:11     | Reached XP level 12. HP: 63/76 MP: 16/16
 11018 | D:11     | Reached skill level 9 in Dodging
 11022 | D:11     | Reached skill level 6 in Invocations
 11101 | D:11     | Noticed a death knight
 11101 | D:11     | Noticed a death knight
 11138 | D:11     | Noticed Snorg
 11141 | D:11     | Killed a death knight
 11156 | D:11     | Killed Snorg
 11156 | D:11     | Reached skill level 10 in Fighting
 11192 | D:11     | Killed a death knight
 11670 | D:11     | Noticed a seven-headed hydra
 11679 | D:11     | Killed a seven-headed hydra
 12157 | D:12     | Reached skill level 7 in Invocations
 12253 | D:12     | Noticed Endobalistic's ghost (journeyman OgFi)
 12278 | D:12     | Reached skill level 11 in Fighting
 12294 | D:12     | Killed Endobalistic's ghost
 12296 | D:12     | Noticed Josephine
 12307 | D:12     | Killed Josephine
 12435 | D:12     | Reached skill level 8 in Invocations
 12564 | D:12     | Reached skill level 12 in Fighting
 13075 | D:12     | Noticed a two-headed ogre
 13083 | D:12     | Killed a two-headed ogre
 13083 | D:12     | Reached XP level 13. HP: 86/86 MP: 19/19
 13085 | D:12     | Reached skill level 10 in Maces & Flails
 13602 | Lair:1   | Entered Level 1 of the Lair of Beasts
 13646 | Lair:1   | Reached skill level 9 in Invocations
 13808 | Lair:1   | Found a frozen archway.
 13999 | Lair:1   | Reached skill level 11 in Maces & Flails
 14737 | Lair:2   | Reached ****** piety under Makhleb
 14847 | Lair:2   | Found a staircase to the Swamp.
 15152 | Lair:2   | Found a staircase to the Snake Pit.
 15525 | Lair:2   | Reached skill level 3 in Evocations
 15729 | Lair:3   | Reached skill level 12 in Maces & Flails
 15951 | Lair:3   | Reached skill level 4 in Evocations
 16093 | Lair:3   | Reached skill level 10 in Armour
 16538 | Lair:4   | Noticed Rupert
 16560 | Lair:3   | Killed Rupert
 16560 | Lair:3   | Reached skill level 11 in Armour
 16560 | Lair:3   | Reached skill level 5 in Evocations
 16560 | Lair:3   | Gained mutation: Your large and strong wings let you fly indefinitely. [Gargoyle growth]
 16560 | Lair:3   | Reached XP level 14. HP: 49/92 MP: 20/20
 17406 | Lair:5   | Reached skill level 6 in Evocations
 17488 | Lair:5   | Reached skill level 12 in Armour
 18232 | Lair:6   | Entered Level 6 of the Lair of Beasts
 18330 | Lair:6   | Reached skill level 10 in Dodging
 18529 | Lair:6   | Noticed fooot's ghost (journeyman SpEn)
 18537 | Lair:6   | Noticed Kirke
 18566 | Lair:6   | Noticed a sphinx
 18581 | Lair:6   | Paralysed by a sphinx for 3 turns
 18586 | Lair:6   | Killed fooot's ghost
 18587 | Lair:6   | Killed Kirke
 18587 | Lair:6   | Reached skill level 11 in Dodging
 19131 | Lair:6   | Found a staircase to the Slime Pits.
 19323 | Swamp:1  | Entered Level 1 of the Swamp
 19528 | Swamp:1  | Noticed a thorn hunter
 19546 | Swamp:1  | Killed a thorn hunter
 19730 | Swamp:1  | Reached XP level 15. HP: 96/96 MP: 22/22
 19989 | Swamp:2  | Reached skill level 12 in Dodging
 20019 | Swamp:2  | Reached skill level 10 in Invocations
 20100 | Swamp:2  | Noticed a thorn hunter
 20131 | Swamp:2  | Killed a thorn hunter
 20208 | Swamp:2  | Found a sparkling altar of Nemelex Xobeh.
 20276 | Swamp:2  | Identified a scroll of acquirement
 20279 | Swamp:2  | Got a wavering pewter ring
 20281 | Swamp:2  | Identified the ring "Gehac" {*Corrode MR+ Str+6 Stlth+} (You acquired it on level 2 of the Swamp)
 20433 | Swamp:2  | Reached skill level 13 in Fighting
 20735 | Swamp:2  | Noticed Roxanne
 21235 | Swamp:3  | Reached skill level 14 in Fighting
 21276 | Swamp:3  | Reached skill level 11 in Invocations
 21554 | Swamp:4  | Entered Level 4 of the Swamp
 21588 | Swamp:4  | Got a sparkling zirconium amulet
 21590 | Swamp:4  | Identified the amulet "Vuepto" {+Rage rN++ MP+9 Str-4 Dex+3} (You found it on level 4 of the Swamp)
 21779 | Swamp:4  | Reached XP level 16. HP: 69/106 MP: 24/24
 21788 | Swamp:4  | Reached skill level 13 in Maces & Flails
 21878 | Swamp:4  | Got a decaying rune of Zot
 21969 | Swamp:4  | Noticed a thorn hunter
 21986 | Swamp:4  | Killed a thorn hunter
 22267 | Lair:2   | Upgraded the game from 0.20-a0-550-gf70bbbc to 0.20-a0-555-gf6ae02d
 22440 | Orc:1    | Reached skill level 12 in Invocations
 22657 | Orc:2    | Entered Level 2 of the Orcish Mines
 22708 | Orc:2    | Noticed tyvek's ghost (journeyman FoFi)
 22722 | Orc:2    | Killed tyvek's ghost
 23104 | Orc:1    | Found a burning altar of Makhleb.
 23129 | Orc:1    | Reached skill level 14 in Maces & Flails
 23898 | Orc:2    | Found a roughly hewn altar of Beogh.
 23940 | Orc:2    | Found Gaidiusi's Antique Weapon Boutique.
 24002 | Orc:2    | Found a staircase to the Elven Halls.
 24013 | Orc:2    | Found Siullio's Armour Shop.
 24173 | Orc:2    | Noticed Azrael
 24219 | Orc:2    | Killed Azrael
 24219 | Orc:2    | Reached skill level 13 in Invocations
 24524 | Orc:2    | Found Reanapn's General Store.
 24530 | Orc:2    | Bought a royal jelly for 28 gold pieces
 24530 | Orc:2    | Bought a royal jelly for 28 gold pieces
 24598 | Orc:2    | Found Jegurunoh's Jewellery Boutique.
 24613 | Orc:2    | Found Bimamug's Antique Armour Boutique.
 24735 | Orc:2    | Bought the ring of Levity {rF+ rC+ Int+2} for 648 gold pieces
 24755 | Orc:2    | Bought a steaming chain mail for 304 gold pieces
 24815 | D:9      | Identified the cursed +0 chain mail of Quinkuocerch {*Corrode rPois rN+ Str+3} (You bought it in a shop on level 2 of the Orcish Mines)
 25165 | D:13     | Found Kex Kog's Changing Room.
 25182 | D:13     | Bought a potion of beneficial mutation for 490 gold pieces
 25182 | D:13     | Bought a potion of beneficial mutation for 490 gold pieces
 25183 | D:13     | Gained mutation: You are partially covered in iridescent scales. (AC +2) [potion of beneficial mutation]
 25184 | D:13     | Gained mutation: You have large cloven feet. [potion of beneficial mutation]
 25773 | D:14     | Reached skill level 13 in Armour
 25848 | D:14     | Gained mutation: Your flesh is heat resistant. (rF+) [potion of beneficial mutation]
 26165 | D:14     | Reached skill level 14 in Armour
 26165 | D:14     | Reached XP level 17. HP: 111/111 MP: 26/26
 26176 | D:14     | Found a gate to the Vaults.
 26727 | D:15     | Entered Level 15 of the Dungeon
 26898 | D:15     | Reached skill level 15 in Fighting
 27373 | D:15     | Reached skill level 16 in Fighting
 27394 | D:15     | Found a shattered altar of Ashenzari.
 27499 | D:15     | Found a staircase to the Depths.
 27864 | Snake:1  | Entered Level 1 of the Snake Pit
 28079 | Snake:1  | Found Oghoffere's Antique Weapon Boutique.
 28851 | Snake:2  | Reached skill level 15 in Armour
 29400 | Snake:2  | Reached XP level 18. HP: 115/120 MP: 28/28
 29515 | Snake:2  | Reached skill level 1 in Stealth
 29772 | Snake:2  | Reached skill level 2 in Stealth
 29996 | Snake:3  | Reached skill level 3 in Stealth
 30031 | Snake:3  | Reached skill level 16 in Armour
 30234 | Snake:3  | Found Vomil's Jewellery Shoppe.
 30236 | Snake:3  | Found Gorheneu's General Store.
 30239 | Snake:3  | Found Ruofextese's Assorted Antiques.
 30426 | Snake:3  | Reached skill level 7 in Evocations
 30455 | Snake:3  | Noticed Vashnia
 30514 | Snake:3  | Killed Vashnia
 30788 | Snake:3  | Reached skill level 17 in Armour
 30871 | Snake:3  | Found a basalt altar of Yredelemnul.
 31079 | Snake:4  | Entered Level 4 of the Snake Pit
 31567 | Snake:4  | Noticed Nikola
 31634 | Snake:4  | Noticed Spectrina's ghost (journeyman FoVM)
 31657 | Snake:4  | Killed Spectrina's ghost
 31724 | Snake:4  | Killed Nikola
 31737 | Snake:4  | Reached XP level 19. HP: 118/127 MP: 29/29
 31921 | Snake:4  | Got a serpentine rune of Zot
 31928 | Snake:4  | Reached skill level 17 in Fighting
 32093 | Snake:4  | Reached skill level 14 in Invocations
 32353 | Snake:4  | Identified the Grimoire of Floating Flames
 32856 | D:13     | Bought a potion of beneficial mutation for 490 gold pieces
 32857 | D:13     | Gained mutation: You are partially covered in rugged brown scales. (AC +1, +3% HP) [potion of beneficial mutation]
 32960 | Depths:1 | Entered Level 1 of the Depths
 32975 | Depths:1 | Upgraded the game from 0.20-a0-555-gf6ae02d to 0.20-a0-556-g892c87b
 32975 | Depths:1 | Found Datal's Distillery.
 32990 | Depths:1 | Found a gateway to Hell.
 33034 | Depths:1 | Noticed Bai Suzhen
 33056 | Depths:1 | Killed Bai Suzhen
 33079 | Depths:1 | Found a gateway to a ziggurat.
 33187 | Depths:1 | Reached skill level 18 in Armour
 33341 | Depths:1 | Reached skill level 13 in Dodging
 33817 | Depths:1 | Reached XP level 20. HP: 106/138 MP: 30/30
 34094 | Depths:1 | Found a bloodstained altar of Trog.
 34149 | Depths:1 | Found a one-way gate leading to the halls of Pandemonium.
 34434 | Depths:2 | HP: 14/140 [something (21)]
 34441 | Depths:2 | HP: 5/140 [something (5)]
 34827 | Depths:2 | Reached skill level 15 in Invocations
 34842 | Depths:2 | Identified the Guide on Poisonous Displacement
 35148 | Depths:2 | Reached skill level 18 in Fighting
 35230 | Depths:2 | Noticed a golden dragon
 35230 | Depths:2 | an iron dragon changed into a golden dragon
 35235 | Depths:2 | Reached skill level 15 in Maces & Flails
 35240 | Depths:2 | a golden dragon changed into a stone giant
 35285 | Depths:2 | Found a one-way gate to the infinite horrors of the Abyss.
 35324 | Depths:2 | Voluntarily entered the Abyss.
 35739 | Abyss:2  | Found a corrupted altar of Lugonu.
 35858 | Abyss:2  | Noticed an ancient lich
 35892 | Abyss:3  | Noticed a bone dragon
 35923 | Abyss:3  | Noticed a bone dragon
 35944 | Abyss:3  | Killed a bone dragon
 35954 | Abyss:3  | HP: 14/140 [bone dragon (9)]
 35962 | Abyss:3  | HP: 6/140 [manticore[a worldbinder] (15)]
 36141 | Abyss:3  | Reached XP level 21. HP: 103/145 MP: 32/32
 36308 | Abyss:3  | Paralysed by accursed screaming for 1 turns
 36316 | Abyss:3  | Paralysed by accursed screaming for 1 turns
 36321 | Abyss:3  | Paralysed by accursed screaming for 2 turns
 36325 | Abyss:3  | HP: 6/146 [blizzard demon/the air (16)]
 36326 | Abyss:3  | Slain by an ancient zyme

Vault maps used:
D:1:      dpeg_arrival_court, minmay_split_cup_small
D:2:      gammafunk_temple_overflow_elements
D:3:      fiery_altar_vehumet, gup_sewer_entry_glass, grunt_ministairs_8,
          minmay_misc_feat_plants, minmay_misc_feat_room
D:4:      minmay_temple_entry_enclosed_plants, first_bread,
          nicolae_qazlal_eye_of_the_storm
D:5:      kennysheep_mini_moat, enter_ossuary_2, uniq_sigmund
D:6:      kiku_gazebo_garden_becter, serial_glass, glass_columns_a,
          glass_columns_a, glass_columns_b, glass_columns_c,
          minmay_strange_pillars, fountainhead, bloody_trog
D:7:      uniq_pikel, uniq_crazy_yiuf_cottage
D:8:      serial_shops, shop, uniq_joseph
D:9:      nicolae_ru_great_annihilating_truth, nicolae_dithmenos_the_darkroom,
          hiddenorc1_lemuel, uniq_psyche, uniq_erica
D:10:     erik_lair_dragon, serial_shops, shop_fountains, blue_anna_alchemist,
          grunt_ministairs_14
D:11:     cheibrodos_tormentor_scu, uniq_snorg
D:12:     minmay_crystal_water, uniq_josephine
D:13:     nicolae_transmutations_shop
D:14:     david_vaults_5, minivault_24, grunt_ministairs_9
D:15:     hangedman_depths_entry_civil_slaughter, ashenzari_altar_1
Temple:   nicolae_temple_god_jail
Lair:1:   portal_ice_cave_entry_imps
Lair:2:   minmay_swamp_entry_reptiles, guppyfry_snake_entry_garden,
          serial_bayou_shore_a
Lair:3:   minmay_another_anthill
Lair:4:   small_statue_intersection, roderic_carrion_pond, uniq_rupert
Lair:5:   grunt_megastairs_4
Lair:6:   minmay_lair_end_enchanted_forest, dpeg_slime_entry_corner,
          dpeg_oklob_1, uniq_kirke
Swamp:1:  infiniplex_staircase_pool
Swamp:2:  nicolae_swamp_godswood, uniq_roxanne
Swamp:3:  serial_swamp_ruin, evilmike_swamp_ruin_rubble_2,
          evilmike_swamp_ruin_house_6, evilmike_swamp_ruin_house_2,
          infiniplex_staircase_pool_2
Swamp:4:  swamp, swamp_pool1
Snake:1:  serial_shops, nicolae_shop_behind_doors, hangedman_snake_corridor_cut
Snake:3:  basic_altar, st_stairs_5, hangedman_snake_thin_pillar_pass,
          minmay_shop_star, uniq_vashnia
Snake:4:  johnstein_snake_rune_scales, serial_bayou_ford_a, uniq_nikola
Orc:1:    bloody_makhleb
Orc:2:    grunt_orc_cross, serial_shops, shop, uniq_azrael
Depths:1: thingy_vault, enter_ziggurat_f, rand_demon_pan_entry_8, serial_shops,
          shop, grunt_decor_resistance, hell_entry, nicolae_benzene_ring,
          evilmike_spriggan_trog_shrine, uniq_bai_suzhen
Depths:2: hangedman_crystal_crosses_colossus, hell_entry, abyss_entry
Abyss:2:  minivault_26, hangedman_abyss_or_decor_lesser_grid,
          hangedman_eye_storm
Abyss:3:  nicolae_abyss_rune_star_stuff
Sewer:    sewer_minmay_w
Ossuary:  ossuary_tomb_1

Skill      XL: |  1  2  3  4  5  6  7  8  9 10 11 12 13 14 15 16 17 18 19 20 |
---------------+-------------------------------------------------------------+-----
Fighting       | 4 5 6 8 9 12 14 16 17 18 | 18.3
Maces & Flails | 4 5 6 9 12 14 15 | 15.3
Armour         | 6 7 9 11 12 14 15 17 18 | 18.9
Shields        | 4 |  4.4
Dodging        | 5 6 8 9 11 12 13 | 13.9
Evocations     | 2 5 6 7 |  7.0
Invocations    | 2 4 5 8 9 11 13 14 15 | 15.8
Stealth        | 3 |  3.0

Action                   |  1- 3 |  4- 6 |  7- 9 | 10-12 | 13-15 | 16-18 | 19-21 || total
-------------------------+-------+-------+-------+-------+-------+-------+-------++-------
Melee: Flail             |   123 |   360 |   373 |       |       |       |       ||   856
       Dire flail        |       |       |    84 |   664 |  1154 |  1736 |  1245 ||  4883
       Unarmed           |       |       |     9 |       |       |       |       ||     9
Invok: Minor Destruction |       |       |       |     3 |     1 |       |       ||     4
       Greater Servant o |       |       |       |       |     3 |    12 |     8 ||    23
 Abil: Fly               |       |       |       |       |     1 |       |       ||     1
Evoke: Wand              |       |     1 |       |     4 |     4 |     5 |       ||    14
  Use: Scroll            |     5 |     5 |     9 |    12 |    16 |    12 |     3 ||    62
       Potion            |       |     4 |     1 |     1 |     2 |     4 |     2 ||    14
 Stab: Paralysed         |       |       |     1 |     1 |       |       |       ||     2
       Distracted        |       |       |       |       |     1 |     7 |       ||     8
       Confused          |       |       |       |       |     1 |       |       ||     1
  Eat: Chunk             |     3 |     6 |    10 |    17 |    25 |    24 |    11 ||    96
       Bread ration      |       |       |     1 |       |       |       |     1 ||     2
       Fruit             |       |       |       |     2 |     5 |     7 |       ||    14
       Royal jelly       |       |       |       |       |       |     1 |       ||     1
Armor: Scale mail        |    43 |   371 |   201 |       |       |       |       ||   615
       Chain mail        |       |       |    19 |   244 |   907 |  1113 |   885 ||  3168
       Plate armour      |       |       |       |    68 |       |       |       ||    68
       Skin              |       |       |       |    17 |       |       |       ||    17
Dodge: Dodged            |    25 |   194 |   188 |   275 |   824 |  1170 |   872 ||  3548
Block: Shield            |    61 |   319 |    20 |       |       |       |       ||   400
       Buckler           |       |       |    90 |       |       |       |       ||    90
       Other             |       |       |    11 |   126 |   213 |       |       ||   350
       Reflection        |       |       |     1 |     3 |     2 |       |       ||     6
